AoeStats
← dantuzzi10

Nomad

510911358Analyzed
2v2 RM · 17h ago on Oct 3, 2026· 18m 6s· 4 players
Game mode
Random Map
Map size
176×176
Population
200
Speed
Normal
Resources
Standard
Victory
Conquest
Starting age
Dark Age
Ending age
Imperial Age
RankedLock teamsTeams togetherTeam positionsShared explorationLock speedFull tech treeHidden civsTurbo modeCheats
Victory
Defeat
🇺🇸 Armenians · United States
1183
+14
🇧🇷 Saracens · Brazil
1142
+15
🇦🇷 Persians · Argentina
1184
-17
🇦🇷 Malians · Argentina
1072
-12
[Tps] Atila
6:45 Loom
14:34 Feudal Age
dantuzzi10
6:23 Loom
14:26 Feudal Age
JustOutOfRange
6:16 Loom
12:50 Feudal Age
13:20 Man-at-Arms
13:58 Double-Bit Axe
14:42 Long Swordsman
kisameada
5:07 Loom
13:46 Feudal Age
16:39 Fishing Lines
18:18 Fletching
Connection lost

Rejoining the realm…

Still unreachable

The connection could not be restored.

Session expired

The server has moved on; the page needs a fresh start.